 Dungeon Crawl Stone Soup version 0.27.1-35-g4d5d836560 (webtiles) character file.

Game seed: 13444622047406606353

9 cbfl8 the Sneak (level 2, -4/27 HPs)
             Began as a Minotaur Delver on Mar 19, 2022.
             Killed from afar by an orc wizard (5 damage)
             ... with a magic dart
             ... on level 5 of the Dungeon.
             The game lasted 00:00:50 (329 turns).

cbfl8 the Sneak (Minotaur Delver)                    Turns: 329, Time: 00:00:51

Health: -4/27      AC:  3    Str: 16    XL:     2   Next: 3%
Magic:  1/1        EV: 11    Int:  7    God:
Gold:   16         SH:  0    Dex: 11    Spells: 1/1 levels left

rFire    . . .     SeeInvis .   a - +0 hand axe
rCold    . . .     Faith    .   (no shield)
rNeg     . . .     Spirit   .   b - +0 leather armour
rPois    .         Reflect  .   (helmet restricted)
rElec    .         Harm     .   (no cloak)
rCorr    .         Rampage  .   (no gloves)
Will     .....                  (no boots)
Stlth    ++........             (no amulet)
HPRegen  0.09/turn              (no ring)
MPRegen  0.07/turn              (no ring)

@: no status effects
A: horns 2, retaliatory headbutt
a: no special abilities


You were on level 5 of the Dungeon.
You visited 1 branch of the dungeon, and saw 2 of its levels.

You collected 16 gold pieces.

Inventory:

Hand Weapons
 a - a +0 hand axe (weapon)
Armour
 b - a +0 leather armour (worn)
Wands
 g - a wand of digging (3)
Scrolls
 c - a scroll of fog
 e - a scroll of fear
Potions
 f - a potion of haste


   Skills:
 + Level 3.7 Fighting
 + Level 2.4 Axes
 + Level 2.2 Dodging
 + Level 4.4 Stealth


You had one spell level left.
You didn't know any spells.
Your spell library was empty.

Dungeon Overview and Level Annotations

Branches:
Dungeon (5/15)
 Temple: D:4-7

Altars:
Uskayaw


Innate Abilities, Weirdness & Mutations

You have a pair of horns on your head.
You reflexively headbutt those who attack you in melee.


Message History

The orc wizard mumbles some strange words.
The orc wizard flickers and vanishes!
Deactivating autopickup; reactivate with Ctrl-A.
You bump into the rock wall.
You hear some strange, mumbled words.
A puff of flame appears from out of thin air!
The puff of flame hits you!
* * * LOW HITPOINT WARNING * * *
You're too confused to move!
Something hits you.
* * * LOW HITPOINT WARNING * * *
Something hits you.
* * * LOW HITPOINT WARNING * * *
You barely miss something. Something hits you.
* * * LOW HITPOINT WARNING * * *
You bump into the rock wall.
Something hits you.
* * * LOW HITPOINT WARNING * * *
You bump into the rock wall.
You feel less confused. Something hits you but does no damage.
Something hits you but does no damage.
There is a stone staircase leading up here.
Something hits you but does no damage.
You climb upwards.
Reactivating autopickup.
Found 18 arrows.
There is a stone staircase leading down here.
Something hits you.
* * * LOW HITPOINT WARNING * * *
Deactivating autopickup; reactivate with Ctrl-A.
You climb downwards.
Reactivating autopickup.
There is a stone staircase leading up here.
Unknown command.
Unknown command.
You can't go down here!
You hear some strange, mumbled words.
A magic dart appears from out of thin air!
Deactivating autopickup; reactivate with Ctrl-A.
The magic dart hits you.
You die...

,>,,**,,,,,,,**,,,,***_** *,*
**,,,,,,...,,,,,,..#**,,***,*
#*,,,..,,..*****#..*,,,*,**,*
#,,,,...,#.#* *#..**,,*,,**,*
######...*..*##..***,*,,***,*
##...##..##.##..** ##,,***,,*
#..⌠.>#>.....#.#####.,*,*#,,*
#....##,,#...#.#.{.#.#,,.#,,#
.#####****#.....@#**..,#.#,.#
.##.# ##.#..## **.#.#*..#
.#..########.##.# ##.#*...#
.............##.## ##..#....#
#..############..###..<.....#
..## ##.....###....# .##
####### *....# ..# **#### #.#


There were no monsters in sight!

Vanquished Creatures
  An adder (D:5)
1 creature vanquished.

Vanquished Creatures (others)
  15 plants (D:5)
15 creatures vanquished.

Grand Total: 16 creatures vanquished

Notes
Turn   | Place    | Note
-------+----------+-------------------------------------------
     0 | D:5      | cbfl8 the Minotaur Delver began the quest for the Orb.
     0 | D:5      | Reached XP level 1. HP: 19/19 MP: 0/0
    23 | D:5      | Reached XP level 2. HP: 14/27 MP: 1/1
   233 | D:5      | Found a hide-covered altar of Uskayaw.
   319 | D:5      | HP: 1/27 [something (2)]
   327 | D:4      | HP: 1/27 [something (1)]
   329 | D:5      | Killed from afar by an orc wizard

Illustrated notes

Levels and vault maps discovered:
D:4:      layout_cave_pools, uniq_robin
D:5:      layout_rooms, kennysheep_mini, marbit_many_paths,
          mainiacjoe_overflow_surrounded_room, lemuel_crystal_altar,
          grunt_ministairs_4, serial_bayou_lake_a

Action                   || total
-------------------------++-------
Melee: Hand axe          ||     6
       Headbutt          ||     1
  Use: Scroll            ||     1
Armor: Leather armour    ||     4
Dodge: Dodged            ||     2
